 Dungeon Crawl Stone Soup version 0.26-a0-808-g930a2b7adc (webtiles) character file.

Game seed: 2418933826795380474

32428 Kinoniko the Severer (level 13, -5/116 HPs)
             Began as a Hill Orc Fighter on Nov 12, 2020.
             Was the Champion of Okawaru.
             Slain by an 11-headed hydra (8 damage)
             ... on level 3 of the Lair of Beasts.
             The game lasted 00:18:25 (16933 turns).

Kinoniko the Severer (Hill Orc Fighter)            Turns: 16933, Time: 00:18:26

Health: -5/116     AC: 20    Str: 22    XL:     13   Next: 64%
Magic:  0/30       EV:  9    Int:  8    God:    Okawaru [******]
Gold:   142        SH:  0    Dex: 12    Spells: 12/12 levels left

rFire    . . .     SeeInvis .   I - +4 executioner's axe (elec)
rCold    . . .     Faith    .   (shield currently unavailable)
rNeg     . . .     Spirit   +   h - +0 plate armour
rPois    .         Reflect  .   l - +1 helmet
rElec    .         Harm     .   n - scarf {repulsion}
rCorr    .         Rampage  .   H - +1 pair of gloves
MR       .....                  m - +1 pair of boots
Stlth    ..........             w - amulet of guardian spirit
HPRegen  0.29/turn              a - +4 ring of slaying
MPRegen  0.22/turn              L - ring of magical power

@: heroism, repel missiles
A: no striking features
a: Heroism, Finesse, Renounce Religion


You were on level 3 of the Lair of Beasts.
You worshipped Okawaru.
Okawaru was exalted by your worship.
You visited 2 branches of the dungeon, and saw 14 of its levels.

You collected 718 gold pieces.
You spent 576 gold pieces at shops.

Inventory:

Hand Weapons
 y - a +6 war axe of flaming
 I - a +4 executioner's axe of electrocution (weapon)
 M - a +0 broad axe
Armour
 c - a +0 kite shield
 h - a +0 plate armour (worn)
 l - a +1 helmet (worn)
 m - a +1 pair of boots (worn)
 n - a scarf of repulsion (worn)
 H - a +1 pair of gloves (worn)
 N - the +5 leather armour "Woev" {rElec rC- Regen+ Str+9}
   (You found it on level 2 of the Lair of Beasts)

   It affects your strength (+9).
   It makes you vulnerable to cold.
   It insulates you from electricity.
   It increases your rate of regeneration.
Jewellery
 a - a +4 ring of slaying (left hand)
 w - an amulet of guardian spirit (around neck)
 G - the amulet "Vurchozod" {Regen+ Int+5}
   (You found it on level 10 of the Dungeon)

   [amulet of regeneration]

   It affects your intelligence (+5).
   It increases your rate of regeneration.
 L - a ring of magical power (right hand)
Wands
 f - a wand of paralysis (13)
 A - a wand of acid (9)
 C - a wand of iceblast (8)
 E - a wand of flame (29)
 F - a wand of digging (4)
Scrolls
 b - a scroll of blinking
 g - 8 scrolls of teleportation
 i - 9 scrolls of remove curse
 j - 2 scrolls of fog
 q - a scroll of amnesia
 s - 2 scrolls of fear
 v - 5 scrolls of immolation
 B - a scroll of magic mapping
 D - 2 scrolls of silence
 O - a scroll of enchant armour
Potions
 d - 4 potions of might
 e - 11 potions of curing
 k - a potion of brilliance
 o - 2 potions of flight
 p - 2 potions of berserk rage
 t - a potion of cancellation
 u - a potion of heal wounds
 x - 2 potions of magic
 z - 2 potions of haste
 J - a potion of attraction {unknown}
 K - 3 potions of lignification {unknown}


   Skills:
 * Level 11.3(16.3) Fighting
 * Level 20.1(25.1) Axes
 - Level 3.2(8.2) Armour
 - Level 10.1(15.1) Shields
 + Level 10.9 Invocations


You had 12 spell levels left.
You didn't know any spells.
Your spell library contained the following spells:

 Spells                   Type           Power        Failure   Level
 Animate Skeleton         Necr           #.....       100%        1
 Apportation              Tloc           #.....       100%        1
 Corona                   Hex            #......      100%        1
 Magic Dart               Conj           #...         100%        1
 Summon Small Mammal      Summ           #...         100%        1
 Searing Ray              Conj           #.....       100%        2
 Slow                     Hex            #.......     100%        2
 Confusing Touch          Hex            #.......     100%        3
 Dazzling Flash           Conj/Hex       #.....       100%        3
 Gell's Gravitas          Tloc           #.........   100%        3
 Inner Flame              Hex/Fire       #.......     100%        3
 Portal Projectile        Hex/Tloc       #.....       100%        3
 Cause Fear               Hex            #.........   100%        4
 Fulminant Prism          Conj/Hex       #.........   100%        4
 Iskenderun's Mystic Bla  Conj/Tloc      #.......     100%        4
 Leda's Liquefaction      Hex/Erth       #.........   100%        4
 Petrify                  Tmut/Erth      #.......     100%        4
 Metabolic Englaciation   Hex/Ice        #.........   100%        5
 Yara's Violent Unravell  Hex/Tmut       #.........   100%        5


Dungeon Overview and Level Annotations

Branches:
Dungeon (11/15)            Temple (0/1) D:6            Lair (3/6) D:10
 Shoals (0/4) Lair:2          Orc (0/2) D:10
  Swamp: Lair:2-4     Snake: Lair:2-4    Spider: Lair:2-4

Altars:
Ashenzari
Fedhas
Gozag
Hepliaklqana
Okawaru
Qazlal
Sif Muna
Vehumet
Wu Jian
Xom
Yredelemnul
Zin
The Shining One

Shops:
D:5 }   D:8 *   D:11 !

Annotations:
D:6 exclusion: oklob plant
D:11 1 runed translucent door
Lair:1 2 runed translucent doors, magipi's ghost, journeyman DrIE
Lair:2 1 transporter, anything's ghost, journeyman DgSu


Message History

The 11-headed hydra bites you.
* * * LOW HITPOINT WARNING * * *
The 11-headed hydra bites you but does no damage. x2
The 11-headed hydra closely misses you.
The 11-headed hydra completely misses you.
The 11-headed hydra bites you!
* * * LOW HITPOINT WARNING * * *
Unknown command.
Okay, then.
As you read the scroll of random uselessness, it crumbles to dust.
Your +4 executioner's axe of electrocution glows dull dun for a moment.
The 11-headed hydra bites you.
* * * LOW HITPOINT WARNING * * *
The 11-headed hydra bites you.
* * * LOW HITPOINT WARNING * * *
The 11-headed hydra bites you but does no damage.
The 11-headed hydra bites you!
* * * LOW HITPOINT WARNING * * *
The 11-headed hydra bites you!
You die...

.P......................
........................
........................
........................
........................
........................
........................
.......D................
.......@................
....................
....................
.........>...######.
.............P#
#.#.##.#####.## #### ##
###


You could see a 11-headed hydra.

Vanquished Creatures
  Gastronok (Lair:2)
  2 hydras
  3 boulder beetles
  2 two-headed ogres (D:8)
  Nergalle (Lair:1)
  Pikel (D:6)
  A black mamba (Lair:2)
  3 cane toads
  3 centaur skeletons (D:10)
  Maggie (Lair:1)
  4 komodo dragons
  2 trolls
  Prince Ribbit (D:6)
  A hornet (D:10)
  A snapping turtle (Lair:2)
  10 blink frogs (Lair:2)
  7 spriggans (Lair:2)
  17 yaks
  4 wyverns
  Eustachio (D:3)
  A soldier ant (D:11)
  An acid dragon (D:10)
  8 water moccasins
  6 orc warriors
  2 sky beasts
  3 ice beasts
  3 phantoms
  7 ogres
  A lemure (D:6)
  6 wolves
  A centaur (D:5)
  3 big kobolds
  Blork the orc (D:5)
  14 bullfrogs
  A water moccasin zombie (D:9)
  A wyvern skeleton (D:9)
  A scorpion (D:5)
  3 killer bees (D:9)
  14 wights
  5 howler monkeys
  3 bullfrog zombies
  A centaur zombie (D:4)
  3 hounds
  A gnoll shaman (D:5)
  8 orc priests
  3 jellies
  12 orc wizards
  Natasha (thrice) (D:2)
  An iguana (D:10)
  6 worker ants
  2 killer bee zombies
  A hound zombie (D:7)
  A hound skeleton (D:7)
  A mummy (D:8)
  A worker ant zombie (D:6)
  10 gnolls
  10 adders
  3 shadow imps
  5 white imps
  3 ufetubi
  4 oozes
  2 adder zombies
  4 worms
  5 dart slugs
  5 leopard geckos
  43 orcs
  4 giant cockroaches
  11 goblins
  10 hobgoblins
  6 jackals
  4 quokkas
  3 ball pythons
  4 bats
  9 frilled lizards
  25 kobolds
  A kobold zombie (D:8)
  A leopard gecko skeleton (D:4)
  3 orc zombies (D:8)
  2 quokka skeletons
  2 quokka zombies (D:7)
  7 rats
  2 bushes (D:2)
383 creatures vanquished.

Vanquished Creatures (others)
  3 fungi
  13 plants
16 creatures vanquished.

Grand Total: 399 creatures vanquished

Notes
Turn   | Place    | Note
-------+----------+-------------------------------------------
     0 | D:1      | Kinoniko the Hill Orc Fighter began the quest for the Orb.
     0 | D:1      | Reached XP level 1. HP: 19/19 MP: 1/1
   186 | D:1      | Reached skill level 3 in Axes
   204 | D:1      | Reached XP level 2. HP: 21/26 MP: 2/2
   682 | D:1      | Reached skill level 4 in Axes
   753 | D:2      | Reached XP level 3. HP: 30/31 MP: 3/3
   994 | D:2      | Found a basalt altar of Yredelemnul.
  1064 | D:2      | Noticed Natasha
  1071 | D:2      | Killed Natasha
  1071 | D:2      | Reached skill level 5 in Axes
  1071 | D:2      | Reached XP level 4. HP: 37/39 MP: 4/4
  1440 | D:2      | Noticed Natasha
  1450 | D:2      | Killed Natasha
  1450 | D:2      | Reached XP level 5. HP: 31/45 MP: 5/5
  1676 | D:2      | Found a broken altar of Ashenzari.
  1837 | D:2      | Noticed Natasha
  1848 | D:2      | Killed Natasha
  1848 | D:2      | Reached skill level 6 in Axes
  2346 | D:3      | Found a radiant altar of Vehumet.
  2349 | D:3      | Found an ornate altar of the Wu Jian Council.
  2349 | D:3      | Found an opulent altar of Gozag.
  2519 | D:3      | Reached XP level 6. HP: 51/51 MP: 6/6
  2599 | D:3      | Found an iron altar of Okawaru.
  2670 | D:3      | Became a worshipper of Warmaster Okawaru
  2779 | D:3      | Reached skill level 7 in Axes
  2789 | D:3      | Reached skill level 5 in Shields
  3149 | D:4      | Noticed Eustachio
  3167 | D:3      | Killed Eustachio
  3255 | D:4      | Reached skill level 8 in Axes
  3255 | D:4      | Reached XP level 7. HP: 54/57 MP: 7/7
  3514 | D:4      | Reached * piety under Okawaru
  4178 | D:4      | Reached skill level 9 in Axes
  4894 | D:5      | Entered Level 5 of the Dungeon
  5194 | D:5      | Noticed Blork the orc
  5207 | D:5      | Killed Blork the orc
  5207 | D:5      | Reached XP level 8. HP: 57/64 MP: 8/8
  5455 | D:5      | Reached skill level 10 in Axes
  5866 | D:5      | Found Taughyrph's Gadget Shoppe.
  6056 | D:6      | Reached ** piety under Okawaru
  6341 | D:6      | Reached skill level 11 in Axes
  6460 | D:6      | Reached skill level 1 in Invocations
  6467 | D:6      | Reached XP level 9. HP: 46/70 MP: 8/10
  6675 | D:6      | Reached skill level 12 in Axes
  6865 | D:6      | Found a staircase to the Ecumenical Temple.
  7084 | D:6      | Noticed Pikel
  7098 | D:6      | Killed Pikel
  7098 | D:6      | Reached *** piety under Okawaru
  7226 | D:6      | Found a blossoming altar of Fedhas.
  7240 | D:6      | Noticed an oklob plant
  7323 | D:6      | Reached skill level 13 in Axes
  7329 | D:6      | Found a shimmering altar of Xom.
  7333 | D:6      | Found a shimmering altar of Xom.
  7333 | D:6      | Found a shimmering altar of Xom.
  7333 | D:6      | Found a shimmering altar of Xom.
  7334 | D:6      | Found a shimmering altar of Xom.
  7334 | D:6      | Noticed Prince Ribbit
  7349 | D:6      | Killed Prince Ribbit
  7422 | D:6      | Found a shimmering altar of Xom.
  7422 | D:6      | Found a shimmering altar of Xom.
  7734 | D:7      | Reached skill level 5 in Invocations
  7776 | D:7      | Found a glowing golden altar of the Shining One.
  7977 | D:7      | Reached **** piety under Okawaru
  7980 | D:7      | Reached XP level 10. HP: 76/77 MP: 12/14
  8913 | D:8      | Noticed a two-headed ogre
  8923 | D:8      | Killed a two-headed ogre
  8923 | D:8      | Reached skill level 14 in Axes
  9163 | D:8      | Found Munut's Assorted Antiques.
 10081 | D:8      | Noticed a two-headed ogre
 10091 | D:8      | Killed a two-headed ogre
 10533 | D:9      | Reached ***** piety under Okawaru
 10583 | D:9      | Reached skill level 15 in Axes
 10683 | D:9      | Found a stormy altar of Qazlal.
 10768 | D:9      | Found a hazy altar of Hepliaklqana.
 11059 | D:9      | Found a shimmering blue altar of Sif Muna.
 11201 | D:10     | Entered Level 10 of the Dungeon
 11257 | D:10     | Reached skill level 5 in Fighting
 11341 | D:10     | Reached XP level 11. HP: 86/86 MP: 16/16
 11359 | D:10     | Got a translucent ruby amulet
 11390 | D:10     | Reached skill level 10 in Shields
 11441 | D:10     | Received a gift from Okawaru
 11470 | D:10     | Found a staircase to the Orcish Mines.
 12018 | D:10     | Identified the amulet "Vurchozod" {Regen+ Int+5} (You found
                  | it on level 10 of the Dungeon)
 12091 | D:10     | Reached skill level 18 in Axes
 12091 | D:10     | Reached XP level 12. HP: 100/100 MP: 18/18
 12103 | D:10     | Found a staircase to the Lair.
 12621 | D:11     | Noticed a boulder beetle
 12635 | D:11     | Killed a boulder beetle
 12992 | D:11     | Noticed a boulder beetle
 13017 | D:11     | Killed a boulder beetle
 13445 | D:11     | Found Resetomoo's Distillery.
 13450 | D:11     | Bought a potion of heal wounds for 80 gold pieces
 13450 | D:11     | Bought a potion of haste for 160 gold pieces
 13450 | D:11     | Bought a potion of curing for 48 gold pieces
 13450 | D:11     | Bought 2 potions of might for 128 gold pieces
 13450 | D:11     | Bought a potion of haste for 160 gold pieces
 13546 | D:11     | Found a glowing silver altar of Zin.
 13547 | D:11     | Found a runed translucent door.
 13547 | D:11     | Noticed an angel
 13749 | Lair:1   | Entered Level 1 of the Lair of Beasts
 13753 | Lair:1   | Noticed Nergalle
 13767 | Lair:1   | Killed Nergalle
 13767 | Lair:1   | Reached skill level 19 in Axes
 13888 | Lair:1   | Noticed an eight-headed hydra
 13893 | Lair:1   | Killed a ten-headed hydra
 13952 | Lair:1   | Reached XP level 13. HP: 107/111 MP: 17/20
 14137 | Lair:1   | Found a large runed translucent door.
 14137 | Lair:1   | Found a large runed translucent door.
 14327 | Lair:1   | Noticed Maggie
 14335 | Lair:1   | Killed Maggie
 14385 | Lair:1   | Reached skill level 10 in Invocations
 14948 | Lair:1   | Noticed magipi's ghost (journeyman DrIE)
 15175 | Lair:2   | Reached skill level 10 in Fighting
 15519 | Lair:2   | Noticed Gastronok
 15530 | Lair:2   | Killed Gastronok
 15530 | Lair:2   | Received a gift from Okawaru
 15775 | Lair:2   | Reached ****** piety under Okawaru
 15957 | Lair:2   | Noticed anything's ghost (journeyman DgSu)
 15960 | Lair:2   | Found a transporter.
 16045 | Lair:2   | Reached skill level 20 in Axes
 16389 | Lair:2   | Found a staircase to the Shoals.
 16693 | Lair:2   | Got a masterwork leather armour
 16694 | Lair:2   | Identified the +5 leather armour "Woev" {rElec rC- Regen+
                  | Str+9} (You found it on level 2 of the Lair of Beasts)
 16933 | Lair:3   | HP: 3/116 [11-headed hydra (6)]
 16933 | Lair:3   | Slain by an 11-headed hydra

Illustrated notes

Levels and vault maps discovered:
D:1:      psy_arrival_dodecagon, layout_basic, hangedman_decor_growths
D:2:      layout_basic, lemuel_coloured_pillars_altar,
          nicolae_overflow_crystal_walls, serial_forest,
          infiniplex_forest_clump_long, infiniplex_forest_lined_ring,
          infiniplex_forest_clump_C, infiniplex_forest_side_room,
          infiniplex_forest_lined_room_3, infiniplex_forest_straight_2,
          infiniplex_forest_corner_2, infiniplex_forest_join, uniq_natasha
D:3:      layout_loops_cross, okawaru_altar_gauntlet_db,
          chequers_temple_overflow_statue_of_worship
D:4:      layout_basic, uniq_eustachio
D:5:      layout_gridville, serial_shops, shop, minmay_door_square,
          uniq_blork_the_orc
D:6:      minmay_skewed_foursquare, layout_loops_ring, tgw_fedhas,
          minmay_temple_entry_butterflies, nicolae_xom_altar_mimics,
          uniq_prince_ribbit1, uniq_pikel
D:7:      layout_basic, basic_altar
D:8:      layout_layer_cave, serial_shops, shop, enter_bailey_8,
          chequers_serial_rivers_small_3, minmay_mini_ossuary
D:9:      layout_roguey, marbit_many_paths, kennysheep_mini, led_sif_pool
D:10:     layout_roguey, erik_lair_dragon, david_orc_3
D:11:     layout_roguey, serial_shops, nicolae_shop_waterfront,
          hangedman_decor_lopped, lemuel_angel_altar
Lair:1:   layout_concentric_octagons, ebering_ghost_disaster_area,
          grunt_megastairs_4, uniq_maggie, uniq_nergalle
Lair:2:   kb_forest_paths, layout_long_grid, minmay_shoals_entry_hut,
          gammafunk_ghost_hive, uniq_gastronok
Lair:3:   layout_gridlike, swamp_mist, guppyfry_lair_drakes, lemuel_fruit_tree

Skill      XL: |  1  2  3  4  5  6  7  8  9 10 11 12 13 |
---------------+----------------------------------------+-----
Axes           | 3 4 5 6 8 9 11 13 15 18 19 20 | 20.1
Shields        | 4 5 6 7 8 9 10 | 10.1
Invocations    | 1 5 7 8 9 10 | 10.9
Fighting       | 5 7 9 11 | 11.3
Armour         | |  3.2

Action                   |  1- 3 |  4- 6 |  7- 9 | 10-12 | 13-15 || total
-------------------------+-------+-------+-------+-------+-------++-------
Melee: War axe           |    91 |   242 |   410 |   172 |       ||   915
       Executioner's axe |       |       |       |   118 |   145 ||   263
Invok: Heroism           |       |       |     2 |     5 |     2 ||     9
  Use: Scroll            |       |       |    15 |    13 |     5 ||    33
       Potion            |       |       |       |     4 |       ||     4
Armor: Plate armour      |    43 |   111 |   174 |   143 |   147 ||   618
       Scale mail        |     4 |       |       |       |       ||     4
Dodge: Dodged            |    12 |    24 |    54 |    78 |    49 ||   217
       Repelled          |       |       |     2 |       |       ||     2
Block: Kite shield       |    34 |    92 |   188 |    59 |       ||   373

Table legend: (Time is in decaauts)
 A = Elapsed time spent in this place.
 B = Non-inter-level travel time spent in this place.
 C = Inter-level travel time spent in this place.
 D = Time resting spent in this place.
 E = Time spent auto-exploring this place.
 F = Levels seen in this place.
 G = Mean time per level.
                   A        B        C        D        E       F      G
               +--------+--------+--------+--------+--------+-----+--------+
         Total |  17037 |  16359 |    678 |   2139 |  11798 |  14 | 1216.9 |
       Dungeon |  13844 |  13271 |    573 |   1767 |   9406 |  11 | 1258.5 |
          Lair |   3192 |   3087 |    105 |    372 |   2391 |   3 | 1064.0 |
               +--------+--------+--------+--------+--------+-----+--------+

Top non-repeatable levels by time:
     D:6: 1813 daAuts
     D:8: 1755 daAuts
     D:4: 1680 daAuts
  Lair:2: 1658 daAuts
    D:10: 1465 daAuts
     D:2: 1437 daAuts
  Lair:1: 1382 daAuts
     D:3: 1140 daAuts
    D:11: 1085 daAuts
     D:5: 1005 daAuts
     D:7: 912 daAuts
     D:9: 787 daAuts
     D:1: 761 daAuts
  Lair:3: 152 daAuts
